 Dungeon Crawl Stone Soup version 0.20.1-1-g8b1a95d (webtiles) character file.

16 Monsterracer the Digger (level 2, -5/24 HPs)
             Began as a Troll Earth Elementalist on Aug 30, 2017.
             Engulfed by a cloud of flame (29 damage)
             ... on level 1 of the Dungeon.
             The game lasted 00:01:02 (925 turns).

Monsterracer the Digger (Troll Earth Elementalist)   Turns: 925, Time: 00:01:02

Health: -5/24      AC:  5    Str: 15    XL:     2   Next: 41%
Magic:  2/2        EV: 10    Int: 11    God:
Gold:   31         SH:  0    Dex: 10    Spells: 2/3 levels left

rFire    . . .     SeeInvis .     - Unarmed
rCold    . . .     Gourm    +   (no shield)
rNeg     . . .     Faith    .   c - +0 robe
rPois    .         Spirit   .   (helmet restricted)
rElec    .         Reflect  .   (no cloak)
rCorr    .         Harm     .   (gloves unavailable)
MR       .....                  (boots unavailable)
Stlth    +.........             (no amulet)
Regen    0.5/turn               (no ring)
MPRegen  0.1/turn               (no ring)

@: no status effects
A: unfitting armour, claws 3, fast metabolism 3, gourmand, regeneration 1,
shaggy fur 1, tough skin 2
a: no special abilities


You were on level 1 of the Dungeon.
You were not hungry.

You visited 1 branch of the dungeon, and saw 1 of its levels.

You collected 31 gold pieces.

Inventory:

Missiles
 b - 54 stones (quivered)
Armour
 c - a +0 robe (worn)
Scrolls
 a - 4 scrolls of identify {unknown}
 g - a scroll of amnesia {unknown}
Potions
 e - 2 potions of heal wounds {unknown}
 f - 2 potions of curing {unknown}
 h - 2 potions of degeneration {unknown}
Comestibles
 d - 2 bread rations


   Skills:
 + Level 0.2 Fighting
 + Level 0.0 Throwing
 + Level 1.7 Dodging
 - Level 1.0 Stealth
 * Level 1.7 Unarmed Combat
 - Level 1.2 Spellcasting
   Level 0.6 Transmutations
 - Level 2.6 Earth Magic


You had 2 spell levels left.
You knew the following spells:

 Your Spells              Type           Power        Failure   Level  Hunger
a - Sandblast             Erth           #.....       11%         1    ##.....


Dungeon Overview and Level Annotations

Branches:
Dungeon (1/15)

Altars:


Innate Abilities, Weirdness & Mutations

You are too large for most types of armour.
You have claws for hands.
Your metabolism is lightning-fast.
You like to eat raw meat.
Your natural rate of healing is unusually fast.
You are covered in fur. (AC +1)
You have very tough skin. (AC +2)


Message History

No reachable target in view!
No reachable target in view!
Really walk into a travel-excluded area?
Okay, then.
Throwing (i - inventory):
b - 56 stones (quivered)
Press: ? - help, Shift-Dir - straight line, f - goblin
Aim: a goblin, wielding a club You throw a stone.
The stone barely misses the goblin.
Throwing (i - inventory):
b - 55 stones (quivered)
Press: ? - help, Shift-Dir - straight line, f/p - goblin
Aim: a goblin, wielding a club You throw a stone.
The stone barely misses the goblin.
Really walk into a travel-excluded area?
Casting: Sandblast
Confirm with . or Enter, or press ? or * to list all spells.
You can't see any susceptible monsters within range! (Use Z to cast anyway.) Really walk into that cloud of flame?
You are engulfed in blazing flames.
Ouch! That really hurt!
You die...

.........##################
..........................#
########.#######.########.#
...#.....# #.# #.#
##.#.##..# #.## #.#
.#.#..#..# #..# #.#
.#.#..#..### ##.## #.#
.#.#..#....# #...# #.#
.#.#).#.#### #@§§# #.#
.#.#..#.# #§§§# #.#
.#....#.# #§§§# #.#
.#.#..#.########.g.######.#
.#.#..#.....§§...$..§§§.#.#
.#.#..#.##..§.§.$($.§§§...#
.#.#..#.###.§§§...$.§§§...#
.#.#..#.# #####...######.#
##.#..#[# #.§§# #.#


You could see a goblin.

Vanquished Creatures
  A dart slug (D:1)
  A leopard gecko (D:1)
  5 goblins (D:1)
  2 hobgoblins (D:1)
  2 kobolds (D:1)
  A ball python (D:1)
  A rat (D:1)
13 creatures vanquished.

Notes
Turn   | Place    | Note
-------+----------+-------------------------------------------
     0 | D:1      | Monsterracer the Troll Earth Elementalist began the quest for the Orb.
     0 | D:1      | Reached XP level 1. HP: 16/16 MP: 1/1
   339 | D:1      | HP: 3/16 [dart slug/slug dart (7)]
   341 | D:1      | Reached skill level 1 in Unarmed Combat
   414 | D:1      | Reached XP level 2. HP: 24/24 MP: 2/2
   925 | D:1      | Engulfed by a cloud of flame

Skill      XL: |  1 |
---------------+----+-----
Unarmed Combat | 1 |  1.7
Fighting       | |  0.2
Dodging        | |  1.7
Stealth        | |  1.0
Spellcasting   | |  1.2
Transmutations | |  0.6
Earth Magic    | |  2.6

Action                   || total
-------------------------++-------
Melee: Unarmed           ||    30
       Punch             ||     1
Throw: Stone             ||     2
  Eat: Chunk             ||     8
Armor: Robe              ||    11
Dodge: Dodged            ||     9
